Map: [ESL] Hard Lead

Players

SKillous

  • Race: Protoss Protoss
  • League: Grandmaster
  • Spawn Location: 11:00

LiquidClem (Clem) - Winner!

  • Race: Terran Terran
  • League: Grandmaster
  • Spawn Location: 5:00

Event: HomeStory Cup XXIV

VOD

Have the link to the VOD?

Description

Time

  • Played on: Dec. 3, 2023, 4:41 p.m.
  • Length: 11:10

All games in this series

Show
View Real Time Build Order
Export as new Build Order

SKillous Protoss 

Build Orders: 1 Gate Expand, Oracle Opening, Phoenix Opening 

Get SALT Encoding   

  12  0:00  Probe  
  13  0:12  Probe  
  14  0:17  Pylon  
  14  0:24  Probe  
  15  0:35  Gateway  
  15  0:37  Probe (Chrono Boost)  
  15  0:41  Assimilator  
  16  0:46  Probe (Chrono Boost)  
  17  0:52  Probe  
  18  1:04  Probe  
  19  1:16  Probe  
  20  1:23  Cybernetics Core  
  20  1:33  Nexus  
  20  1:39  Pylon  
  20  1:41  Probe  
  21  1:47  Assimilator  
  21  1:53  Probe  
  22  1:56  Adept (Chrono Boost)  
  24  2:05  Probe  
  25  2:19  Stargate  
  25  2:20  Probe  
  25  2:21  Adept (Chrono Boost)  
  28  2:32  Probe  
  28  2:33  Warp Gate  
  30  2:44  Probe  
  30  2:45  Stalker  
  30  2:46  Probe  
  33  2:56  Probe  
  35  2:58  Shield Battery  
  35  3:01  Shield Battery  
  33  3:07  Oracle (Chrono Boost)  
  33  3:08  Probe  
  33  3:11  Probe  
  37  3:20  Probe, Pylon  
  37  3:23  Probe  
  39  3:32  Probe  
  40  3:35  Phoenix (Chrono Boost)  
  40  3:41  Probe  
  41  3:44  Probe  
  42  3:51  Phoenix (Chrono Boost)  
  42  3:53  Probe  
  45  3:56  Probe  
  46  4:05  Probe  
  46  4:08  Phoenix  
  46  4:09  Probe  
  50  4:18  Nexus  
  50  4:19  Probe  
  50  4:23  Probe  
  52  4:32  Stalker  
  52  4:35  Pylon  
  54  4:40  Pylon  
  54  4:47  Shield Battery  
  54  4:53  Probe x2, Pylon, Phoenix (Chrono Boost)  
  58  5:02  Stalker  
  58  5:05  Probe x2  
  60  5:11  Pylon, Phoenix (Chrono Boost)  
  62  5:17  Probe x2  
  61  5:28  Twilight Council  
  61  5:29  Probe x2, Forge  
  61  5:33  Stalker  
  61  5:35  Probe  
  64  5:36  Assimilator  
  64  5:41  Probe x2  
  64  5:47  Probe  
  62  5:53  Probe (Chrono Boost)  
  62  5:54  Probe (Chrono Boost)  
  56  5:59  Stalker  
  56  6:02  Probe (Chrono Boost)  
  53  6:07  Probe (Chrono Boost)  
  53  6:11  Probe (Chrono Boost), Charge  
  55  6:15  Probe x2 (Chrono Boost)  
  54  6:19  Probe (Chrono Boost)  
  54  6:21  Probe  
  54  6:23  Stalker  
  54  6:24  Probe  
  58  6:27  Gateway  
  58  6:29  Gateway x2  
  58  6:30  Probe (Chrono Boost)  
  58  6:31  Gateway  
  59  6:35  Protoss Ground Armor Level 1 (Chrono Boost)  
  59  6:36  Probe (Chrono Boost)  
  59  6:37  Probe (Chrono Boost)  
  61  6:42  Probe (Chrono Boost), Phoenix (Chrono Boost)  
  61  6:46  Probe (Chrono Boost)  
  66  6:48  Probe x2 (Chrono Boost)  
  66  6:51  Probe (Chrono Boost)  
  68  6:54  Pylon  
  68  6:56  Probe (Chrono Boost)  
  68  6:58  Probe (Chrono Boost)  
  70  7:02  Probe (Chrono Boost)  
  70  7:03  Gateway, Phoenix  
  70  7:07  Gateway  
  74  7:09  Pylon  
  74  7:10  Assimilator  
  74  7:14  Probe x2 (Chrono Boost)  
  74  7:15  Robotics Facility, Probe (Chrono Boost)  
  76  7:21  Probe (Chrono Boost)  
  76  7:22  Sentry  
  79  7:23  Zealot  
  79  7:24  Zealot x2  
  79  7:27  Pylon  
  87  7:32  Probe  
  87  7:37  Pylon  
  87  7:38  Gateway  
  87  7:44  Nexus  
  86  7:46  Pylon, Zealot x2  
  86  7:50  Phoenix  
  92  7:53  Zealot x2  
  96  8:02  Warp Prism (Chrono Boost)  
  96  8:05  Robotics Bay  
  98  8:08  Zealot x3  
  104  8:16  Phoenix  
  106  8:20  Probe  
  106  8:26  Probe  
  106  8:27  Zealot x2  
  110  8:28  Zealot x2  
  110  8:30  Zealot x3  
  110  8:32  Probe  
  123  8:39  Probe  
  124  8:46  Protoss Ground Weapons Level 1 (Chrono Boost), Zealot  
  126  8:49  Probe  
  126  8:54  Colossus (Chrono Boost)  
  127  8:57  Gateway  
  127  8:58  Gateway  
  127  8:59  Shield Battery  
  127  9:01  Pylon, Zealot x3  
  137  9:05  Extended Thermal Lance  
  137  9:12  Zealot x3  
  141  9:23  Shield Battery  
  131  9:28  Zealot x3  
  131  9:29  Zealot x2  
  131  9:31  Colossus (Chrono Boost)  
  131  9:35  Probe  
  138  9:45  Zealot x3  
  128  9:49  Zealot x4  
  118  9:53  Probe x2  
  118  9:54  Probe  
  118  9:56  Probe  
  112  10:01  Zealot  
  112  10:02  Zealot x2  
  110  10:09  Gateway  
  110  10:11  Gateway, Zealot x4  
  118  10:16  Zealot x2  
  118  10:17  Zealot, Photon Cannon  
  118  10:20  Forge  
  124  10:31  Zealot x5  
  130  10:36  Probe  
  130  10:37  Probe  
  130  10:41  Pylon, Probe  
  130  10:42  Zealot x2  
  134  10:47  Pylon, Nexus  
  112  10:50  Zealot x4  
  112  10:53  Probe x3  
  112  10:56  Zealot  
Show
View Real Time Build Order
Export as new Build Order

LiquidClem Terran - Winner!

Build Orders:  

Get SALT Encoding   

  12  0:00  SCV  
  13  0:12  SCV  
  14  0:16  Supply Depot  
  14  0:24  SCV  
  14  0:27  Refinery  
  15  0:38  SCV  
  16  0:43  Barracks  
  16  0:50  SCV  
  17  1:02  SCV  
  18  1:12  Engineering Bay  
  18  1:14  SCV  
  19  1:30  Orbital Command  
  19  1:31  Marine  
  20  1:37  Factory  
  20  1:42  Supply Depot  
  20  1:49  Barracks Reactor  
  20  1:55  SCV  
  21  2:07  SCV  
  22  2:19  SCV  
  23  2:24  Command Center  
  23  2:30  Hellion x2  
  23  2:33  Supply Depot  
  23  2:37  SCV  
  28  2:45  Refinery  
  28  2:49  SCV  
  29  2:52  Hellion  
  29  2:55  Hellion  
  33  3:01  SCV  
  33  3:05  Starport  
  34  3:06  Barracks Tech Lab  
  34  3:13  Supply Depot  
  34  3:16  SCV  
  35  3:22  Cyclone  
  37  3:29  Cyclone  
  39  3:34  Marine, SCV  
  42  3:46  SCV  
  42  3:47  Medivac  
  44  3:59  Cyclone  
  44  4:00  Marine  
  44  4:01  SCV  
  44  4:02  Orbital Command  
  46  4:06  Cyclone  
  48  4:13  SCV  
  49  4:21  Marine  
  49  4:25  SCV  
  49  4:28  SCV  
  50  4:33  Cyclone  
  52  4:38  Cyclone  
  52  4:39  Marine, SCV  
  52  4:41  SCV  
  52  4:44  Supply Depot  
  57  4:50  Viking  
  57  4:51  SCV  
  60  4:53  SCV  
  61  5:03  Marine, SCV  
  61  5:05  SCV  
  60  5:14  Command Center  
  60  5:16  SCV  
  60  5:18  Cyclone  
  60  5:21  Marine  
  62  5:24  Cyclone  
  62  5:31  Liberator  
  62  5:34  SCV  
  62  5:35  SCV  
  67  5:36  Barracks  
  67  5:37  Barracks  
  67  5:39  Marine  
  67  5:40  Supply Depot  
  68  5:48  SCV x2  
  68  5:56  Marine  
  66  6:00  SCV x2  
  66  6:01  Cyclone  
  66  6:02  Cyclone  
  66  6:12  SCV x2  
  66  6:13  Engineering Bay x2  
  66  6:14  Marine  
  68  6:24  Refinery x2, SCV  
  68  6:25  SCV  
  68  6:31  Stimpack  
  68  6:32  Marine  
  66  6:36  SCV  
  66  6:37  SCV  
  66  6:39  Barracks  
  66  6:40  Barracks Tech Lab, Terran Infantry Weapons Level 1  
  66  6:42  Barracks  
  66  6:48  Marine x2, SCV  
  66  6:49  Supply Depot, Factory Reactor, SCV  
  66  6:50  Marine  
  66  6:53  Supply Depot  
  71  6:58  Combat Shield  
  71  6:59  Marauder  
  71  7:00  SCV  
  71  7:01  SCV  
  73  7:06  Terran Infantry Armor Level 1, Marine  
  74  7:09  Marine  
  74  7:10  Supply Depot  
  74  7:11  Marauder  
  74  7:12  SCV  
  74  7:13  SCV  
  79  7:18  Starport Reactor  
  79  7:20  Missile Turret  
  79  7:22  Missile Turret  
  79  7:24  Marine, SCV  
  79  7:25  SCV  
  79  7:27  Marine  
  79  7:29  Barracks Tech Lab, Barracks Reactor  
  83  7:31  Widow Mine x2  
  83  7:34  Marauder  
  83  7:36  SCV  
  83  7:37  Marauder, SCV  
  92  7:41  Marine  
  94  7:44  Marine  
  94  7:48  Supply Depot  
  94  7:49  SCV x2  
  94  7:50  Marauder  
  99  7:55  Medivac x2  
  99  7:56  Widow Mine  
  105  7:59  Orbital Command  
  105  8:01  SCV  
  105  8:02  Widow Mine  
  105  8:03  SCV  
  105  8:04  Marine  
  105  8:05  Marine  
  111  8:08  Concussive Shells  
  111  8:09  Supply Depot, Marine x2  
  111  8:12  Marauder  
  112  8:14  SCV  
  112  8:16  Marauder  
  112  8:18  Supply Depot  
  115  8:21  Widow Mine, SCV  
  115  8:23  Marine  
  115  8:24  Marine, SCV  
  115  8:26  SCV  
  122  8:30  Marine x2  
  122  8:31  Widow Mine  
  122  8:33  SCV  
  126  8:35  Supply Depot, Bunker  
  126  8:36  Marauder  
  126  8:41  Armory  
  128  8:42  Ghost Academy  
  128  8:44  Marauder  
  128  8:47  Refinery x2  
  128  8:48  Marine x2  
  130  8:52  Supply Depot  
  131  8:57  Widow Mine x2, Marine x2  
  131  8:59  Supply Depot  
  131  9:01  Supply Depot  
  131  9:02  Marauder  
  139  9:04  Medivac  
  139  9:05  Medivac  
  139  9:08  SCV x3  
  146  9:12  Marine x2  
  148  9:17  Supply Depot x2  
  148  9:18  Marine  
  148  9:20  Widow Mine x2, Marine  
  149  9:24  Marauder  
  149  9:25  Marauder  
  149  9:29  Supply Depot  
  153  9:33  Marine  
  153  9:34  Marine  
  153  9:39  Marine x2, SCV x2  
  153  9:40  SCV  
  153  9:45  Widow Mine x2  
  159  9:49  Medivac x2  
  159  9:51  SCV  
  159  9:52  Marauder  
  162  9:53  Marauder  
  162  9:56  Marine x2  
  155  10:00  Ghost  
  155  10:03  SCV  
  155  10:05  Command Center  
  154  10:07  Marine  
  154  10:13  Marauder  
  157  10:16  Widow Mine  
  157  10:19  Viking x2  
  157  10:20  Supply Depot  
  161  10:23  Ghost  
  161  10:25  Marine x3  
  161  10:27  Marine  
  167  10:30  Marauder  
  167  10:33  Widow Mine  
  167  10:34  Marine  
  172  10:42  Barracks  
  172  10:43  Barracks  
  172  10:45  Barracks  
  172  10:47  Marine  
  172  10:48  Widow Mine, Marine x2  
Tags
 
Add a new tag
Caveats
  • Supply blocks, unpowered buildings, or Contaminate may cause inaccurate times.
  • Supply counts are checked every 10 seconds.